 Dungeon Crawl Stone Soup version 0.31-a0-1236-gaa9e43cceb (webtiles) character file.

Game seed: 14909675434587382017

178564 Ivernyr the Peltast (level 18, -12/153 HPs)
             Began as a Formicid Fighter on Dec 14, 2023.
             Was a High Priest of Wu Jian.
             Mangled by Zenata
             ... wielding a +4 bardiche
              (31 damage)
             ... on level 2 of the Elven Halls on Dec 15, 2023.
             The game lasted 01:10:03 (25344 turns).

Ivernyr the Peltast (Formicid Fighter)             Turns: 25344, Time: 01:10:03

Health: -12/153    AC: 34    Str: 29    XL:     18   Next: 88%
Magic:  18/18      EV: 18    Int: 10    God:    Wu Jian [*****.]
Gold:   861        SH: 21    Dex: 19    Spells: 17/17 levels left

rFire   + . .        H - +5 quarterstaff "Tiaff" {heavy, rN+ Dex+3}
rCold   . . .        i - +5 Storm Queen's Shield {shock, Fly rElec}
rNeg    + + .        b - +4 plate armour {Will+}
rPois   .            (helmet unavailable)
rElec   +            G - +0 cloak
rCorr   .            n - +3 pair of gauntlets of War {Slay+5}
SInv    +            t - +1 pair of boots
Will    ++...        L - amulet of the acrobat Stlth
                     p - +4 ring of protection
HPRegen 0.45/turn    u - ring of the Prince {rF+ rN+ EV+5 Str+2 Dex+3}
MPRegen 0.16/turn

%: acrobat
@: lethally poisoned (-12 -> -20), exhausted, flying
A: permanent stasis, dig shafts and tunnels, antennae 3, four strong arms
a: Dig, Shaft Self, Renounce Religion, Wall Jump, Serpent's Lash, Heavenly Storm


You were on level 2 of the Elven Halls.
You worshipped Wu Jian.
Wu Jian was extremely pleased with you.
You visited 5 branches of the dungeon, and saw 26 of its levels.
You also visited: Sewer, Bailey and Volcano.

You collected 3568 gold pieces.
You spent 2707 gold pieces at shops.

Inventory:

Hand Weapons
 w - the +8 glaive "Covaer" {antimagic, rPois Int+3}
   (You bought it in a shop on level 2 of the Orcish Mines)

   Int+3:     It affects your intelligence (+3).
   rPois:     It protects you from poison
 H - the +5 quarterstaff "Tiaff" (weapon) {heavy, rN+ Dex+3}
   (You bought it in a shop on level 6 of the Dungeon)

   Dex+3:     It affects your dexterity (+3).
   rN+:       It protects you from negative energy.
Armour
 b - a +4 plate armour of willpower (worn)
 h - the +2 pair of gloves "Duef" {rElec Dex+3}
   (You acquired it on level 2 of the Lair of Beasts)

   Dex+3:     It affects your dexterity (+3).
   rElec:     It insulates you from electricity.
 i - the +5 Storm Queen's Shield (worn) {shock, Fly rElec}
   (You acquired it on level 2 of the Lair of Beasts)

   Shock:     When it blocks an attack, it may electrocute the attacker.
   This works even against foes who are a short distance away.
   rElec:     It insulates you from electricity.
   Fly:       It grants you flight.
 n - the +3 pair of gauntlets of War (worn) {Slay+5}
   (You bought it in a shop on level 2 of the Orcish Mines)

   Slay+5:    It affects your accuracy & damage with ranged weapons and melee
   (+5).
 t - a +1 pair of boots (worn)
 G - a +0 cloak (worn)
Jewellery
 p - a +4 ring of protection (left hand)
 u - the ring of the Prince (right hand) {rF+ rN+ EV+5 Str+2 Dex+3}
   (You bought it in a shop on level 2 of the Orcish Mines)

   [ring of evasion]

   EV+5:      It affects your evasion (+5).
   Str+2:     It affects your strength (+2).
   Dex+3:     It affects your dexterity (+3).
   rF+:       It protects you from fire.
   rN+:       It protects you from negative energy.
 K - a ring of resist corrosion
 L - an amulet of the acrobat (around neck)
Wands
 x - a wand of acid (11)
 y - a wand of mindburst (32)
 A - a wand of flame (32)
 B - a wand of roots (46)
 F - a wand of digging (14)
 P - a wand of charming (13)
Scrolls
 c - 2 scrolls of identify
 f - 8 scrolls of fear
 g - 2 scrolls of amnesia
 j - a scroll of vulnerability
 l - 3 scrolls of revelation
 m - 3 scrolls of fog
 q - 6 scrolls of enchant weapon
 r - 4 scrolls of enchant armour
 D - a scroll of immolation
 J - a scroll of poison
 M - 2 scrolls of summoning
 R - 2 scrolls of brand weapon
Potions
 a - 3 potions of mutation
 d - 2 potions of might
 e - a potion of cancellation
 k - 4 potions of enlightenment
 o - 2 potions of magic
 s - a potion of brilliance {unknown}
 v - 5 potions of curing
 z - 8 potions of heal wounds
 C - a potion of lignification {unknown}
 E - 5 potions of ambrosia {unknown}
 I - a potion of resistance {unknown}
 Q - a potion of haste {unknown}
Miscellaneous
 N - a phantom mirror
 O - a sack of spiders


   Skills:
 + Level 16.7 Fighting
 - Level 15.8 Staves
 + Level 16.7 Armour
 + Level 9.6 Dodging
 + Level 19.6 Shields


You had 17 spell levels left.
You didn't know any spells.
Your spell library contained the following spells:

 Spells                   Type           Power      Damage    Failure   Level
 Apportation              Tloc           0%         N/A       94%         1
 Magic Dart               Conj           0%         1d3       94%         1
 Shock                    Conj/Air       0%         1d3       94%         1
 Summon Small Mammal      Summ           0%         N/A       94%         1
 Call Imp                 Summ           0%         N/A       98%         2
 Cigotuvi's Dreadful Rot  Necr/Pois/Air  0%         N/A       98%         2
 Jinxbite                 Hex            0%         N/A       98%         2
 Poisonous Vapours        Pois/Air       0%         N/A       98%         2
 Searing Ray              Conj           0%         2d4       98%         2
 Static Discharge         Conj/Air       0%         3-3/arc   98%         2
 Call Canine Familiar     Summ           0%         N/A       100%        3
 Ignite Poison            Fire/Tmut/Pois 0%         N/A       100%        3
 Mephitic Cloud           Conj/Pois/Air  0%         N/A       100%        3
 Ozocubu's Armour         Ice            0%         N/A       100%        3
 Sigil of Binding         Hex            0%         N/A       100%        3
 Summon Guardian Golem    Hex/Summ       0%         N/A       100%        3
 Airstrike                Air            0%         2d(0-16)  100%        4
 Anguish                  Hex/Necr       0%         N/A       100%        4
 Dimensional Bullseye     Hex/Tloc       0%         N/A       100%        4
 Dispel Undead            Necr           0%         3d6       100%        4
 Fulminant Prism          Conj/Hex       0%         3d5       100%        4
 Leda's Liquefaction      Hex/Erth       0%         N/A       100%        4
 Summon Ice Beast         Ice/Summ       0%         N/A       100%        4
 Summon Lightning Spire   Summ/Air       0%         N/A       100%        4
 Alistair's Intoxication  Tmut/Pois      0%         N/A       100%        5
 Freezing Cloud           Conj/Ice/Air   0%         6-21      100%        5
 Death Channel            Necr           0%         N/A       100%        6
 Swiftness                Air            Unusable   N/A       N/A         3

Dungeon Overview and Level Annotations

Branches:
Dungeon (15/15)            Temple (1/1) D:5            Lair (5/5) D:8
  Swamp (0/4) Lair:2       Spider (0/4) Lair:2        Slime (0/5) Lair:4
    Orc (2/2) D:9             Elf (3/3) Orc:2        Vaults (0/5) D:14
 Depths (0/4) D:15          Sewer (visited)          Bailey (visited)
Volcano (visited)

Altars:
Ashenzari
Cheibriados
Dithmenos
Elyvilon
Fedhas
Gozag
Hepliaklqana
Kikubaaqudgha
Makhleb
Nemelex Xobeh
Okawaru
Qazlal
Ru
Sif Muna
Trog
Uskayaw
Vehumet
Wu Jian
Xom
Yredelemnul
Zin
The Shining One

Shops:
D:1 (   D:3 *   D:5 !   D:6 (   D:13 **   D:14 (   Orc:1 *   Orc:2 ([**=
Elf:2 *

Annotations:
Elf:2 Zenata


Innate Abilities, Weirdness & Mutations

You cannot be hasted, slowed, berserked, paralysed or teleported.
You can dig through walls and to a lower floor.
You have a pair of large antennae on your head. (SInv)
Your four strong arms can wield two-handed weapons with a shield.


Message History

Your shield discharges, shocking the +0 vampiric hand axe!
The +0 vampiric hand axe completely resists.
You block the +2 heavy trident's attack.
Zenata sends weapons flying into battle!
The +2 heavy trident closely misses you.
The +1 hand axe of venom hits you!
You are more poisoned.
The +0 vampiric hand axe hits you but does no damage.
You bludgeon Zenata!!
Zenata is heavily wounded.
You feel very sick.
You block the +2 heavy trident's attack.
You block the +1 hand axe of venom's attack.
The +2 heavy trident hits you but does no damage.
The +2 heavy battleaxe hits you but does no damage.
You block the +0 vampiric hand axe's attack.
Zenata hits you with a +4 bardiche!!
* * * LOW HITPOINT WARNING * * *
The +1 hand axe of venom hits you!
* * * LOW HITPOINT WARNING * * *
The +2 heavy trident hits you!
* * * LOW HITPOINT WARNING * * *
The +2 heavy trident closely misses you.
Okay, then.
You feel much better.
You feel very sick.
You block the +1 hand axe of venom's attack.
Your shield discharges, shocking the +1 hand axe of venom!
The +1 hand axe of venom completely resists.
You block the +0 vampiric hand axe's attack.
Your shield discharges, shocking the +0 vampiric hand axe!
The +0 vampiric hand axe completely resists.
The +2 heavy battleaxe hits you!!
* * * LOW HITPOINT WARNING * * *
The +2 heavy trident hits you but does no damage.
You block the +1 hand axe of venom's attack.
The +2 heavy trident completely misses you.
Zenata hits you with a +4 bardiche!!
You die...
Zenata says, "Just more dross for the fire."

#............ .## ##...
############. ...##...#
############. ........##
#............
○............##############.
..............# #. .........(.(.#
##########. ..........(a#
#.......... .........((@##
#.########. ..........(.(##
#.########. ......[.......#
#.##....... ......)....).##
#.##.#####) .........)...##
#.##.## #. ..........#...##
###.#...## #.
..........###...###.....<..###.
##.........## ##...####......[##.
#...........###...####.........#.


You could see Zenata and 7 dancing weapons.

Vanquished Creatures
  Jorgrun (Orc:2)
  A deep elf blademaster (Elf:2)
  Gastronok (Lair:2)
  Frances (D:13)
  Donald (Elf:1)
  A deep elf sorcerer (Elf:2)
  An orc warlord (Orc:2)
  2 deep elf demonologists (Elf:1)
  A deep elf annihilator (Elf:3)
  A fire dragon (Lair:5)
  An ice dragon (D:15)
  6 hydras
  8 vault guards (D:14)
  Harold (Lair:1)
  Erolcha (D:13)
  6 two-headed ogres
  4 centaur warriors
  A death knight (D:14)
  4 boulder beetles
  6 demonic crawlers
  7 death yaks
  4 orc high priests (Orc:2)
  25 dancing weapons
  Nergalle (D:10)
  Sonja (D:13)
  13 deep elf knights
  A skyshark (Lair:4)
  3 skeletal warriors
  A glowing orange brain (D:12)
  10 deep elf archers
  2 anaconda skeletons (Volcano)
  4 orc knights
  A phantasmal warrior (D:14)
  An arcanist (D:14)
  A lindwurm (Lair:5)
  9 ugly things
  29 deep elf pyromancers
  5 orc sorcerers (Orc:2)
  18 deep elf zephyrmancers
  An oklob plant (Lair:2)
  2 cyclopes
  A mana viper (shapeshifter) (D:12)
  10 elephants
  2 manticores
  A guardian serpent (shapeshifter) (D:14)
  3 kobold blastminers (Orc:1)
  9 cane toads
  3 molten gargoyles (Lair:5)
  5 black mambas
  5 gargoyles
  2 torpor snails
  An efreet (D:15)
  10 komodo dragons
  3 unseen horror zombies (D:9)
  3 rime drakes
  3 unseen horrors
  2 tengu conjurers (D:15)
  A freezing wraith (D:14)
  A polar bear (Lair:3)
  10 trolls
  3 meliai (D:15)
  A tyrant leech (Lair:2)
  A hornet (D:10)
  19 blink frogs
  A glass eye (D:12)
  Grinder (D:3)
  7 dream sheep (Lair:5)
  3 flying skulls (Volcano)
  A centaur simulacrum (D:14)
  2 water elementals (Elf:2)
  12 slime creatures
  2 wraiths
  2 air elementals (Elf:2)
  3 culicivoras (Lair:2)
  3 shadows
  3 vampires
  10 wyverns
  33 yaks
  3 basilisks
  5 steam dragons
  2 fire elementals
  Grum (D:8)
  A redback (Lair:2)
  5 vampire mosquitoes
  6 wargs
  6 swamp worms
  A warg (shapeshifter) (Elf:3)
  An acid dragon (D:12)
  An acid dragon (shapeshifter) (Elf:1)
  18 water moccasins
  Duvessa (D:7)
  5 hell hounds (Lair:5)
  Pargi (Sewer)
  A black bear (Lair:4)
  28 orc warriors
  5 ogres
  9 wolves
  A boggart (D:12)
  4 centaurs
  2 phantoms
  A brain worm (Sewer)
  11 kobold brigands
  11 bullfrogs
  A scorpion (D:5)
  3 small abominations (D:12)
  4 earth elementals
  11 wights
  Dowan (D:7)
  10 killer bees (D:9)
  An electric eel (Lair:4)
  5 lava snakes (Lair:5)
  2 howler monkeys (D:10)
  3 jellies
  18 orc priests
  A centaur zombie (D:9)
  A gnoll bouda (D:6)
  4 hounds
  8 iguanas
  28 orc wizards
  4 sleepcaps
  2 killer bee zombies (D:9)
  3 naga skeletons (Volcano)
  2 howler monkey zombies (D:9)
  13 gnolls
  11 adders
  2 river rats (D:5)
  A shadow imp (D:6)
  3 white imps
  2 ufetubi (D:6)
  7 worms
  3 dart slugs
  64 orcs
  7 ball pythons
  4 endoplasms
  5 giant cockroaches
  7 goblins
  8 hobgoblins
  4 jackals (D:1)
  34 kobolds
  5 quokkas
  7 bats
  7 frilled lizards
  7 rats
813 creatures vanquished.

Vanquished Creatures (others)
  A deep elf death mage (Elf:2)
  An ice dragon (D:15)
  A deep elf knight (Elf:2)
  A deep elf zephyrmancer (Elf:2)
  A deep elf pyromancer (Elf:1)
  An orc wizard (D:5)
6 creatures vanquished.

Grand Total: 819 creatures vanquished

Notes
Turn   | Place    | Note
-------+----------+-------------------------------------------
     0 | D:1      | Ivernyr the Formicid Fighter began the quest for the Orb.
     0 | D:1      | Reached XP level 1. HP: 18/18 MP: 1/1
   116 | D:1      | Found Onuwkoog's Weapon Shop.
   210 | D:1      | Reached XP level 2. HP: 24/24 MP: 2/2
   365 | D:1      | Reached XP level 3. HP: 29/29 MP: 3/3
   647 | D:2      | Identified the +1 robe of Resourcefulness {rElec}
  1199 | D:2      | Reached XP level 4. HP: 36/37 MP: 4/4
  1377 | D:3      | Found Vill's Assorted Antiques.
  1657 | D:3      | Reached XP level 5. HP: 36/42 MP: 5/5
  1888 | D:3      | Noticed Grinder
  1892 | D:3      | Reached skill level 5 in Shields
  1912 | D:3      | Killed Grinder
  1913 | D:3      | Reached XP level 6. HP: 28/49 MP: 6/6
  2436 | D:4      | Reached XP level 7. HP: 55/55 MP: 7/7
  2535 | D:4      | Reached skill level 5 in Staves
  2751 | D:3      | Reached skill level 6 in Shields
  3309 | D:4      | Reached skill level 5 in Fighting
  3309 | D:4      | Reached skill level 5 in Armour
  3609 | D:5      | Entered Level 5 of the Dungeon
  3813 | D:5      | Found Yletik's Distillery.
  3818 | D:5      | Reached XP level 8. HP: 59/62 MP: 8/8
  3845 | D:5      | Bought a potion of heal wounds for 55 gold pieces
  4026 | D:5      | Found a glowing drain.
  4030 | Sewer    | Entered a sewer
  4090 | Sewer    | Noticed Pargi
  4116 | Sewer    | Killed Pargi
  4417 | D:5      | Found a staircase to the Ecumenical Temple.
  4431 | D:5      | Reached skill level 7 in Shields
  4583 | Temple   | Entered the Ecumenical Temple
  4592 | Temple   | Became a worshipper of the Wu Jian Council
  4946 | D:5      | Reached XP level 9. HP: 69/69 MP: 9/9
  5374 | D:6      | Reached * piety under Wu Jian
  5656 | D:6      | Found a bloodstained altar of Trog.
  5669 | D:6      | Found a white marble altar of Elyvilon.
  5866 | D:6      | Found Zurirr's Antique Weapon Boutique.
  5872 | D:6      | Bought an iridescent quarterstaff for 279 gold pieces
  5872 | D:6      | Identified the +5 quarterstaff "Tiaff" {heavy, rN+ Dex+3}
                  | (You bought it in a shop on level 6 of the Dungeon)
  6227 | D:7      | Noticed Dowan
  6228 | D:7      | Noticed Duvessa
  6233 | D:7      | Killed Duvessa
  6234 | D:7      | Reached skill level 8 in Shields
  6238 | D:7      | Killed Dowan
  6949 | D:8      | Noticed Grum
  6952 | D:8      | Reached XP level 10. HP: 79/79 MP: 10/10
  6960 | D:8      | Killed Grum
  7150 | D:8      | Reached skill level 9 in Shields
  7501 | D:8      | Found a staircase to the Lair.
  7647 | D:8      | Found a basalt altar of Yredelemnul.
  7723 | D:9      | Reached ** piety under Wu Jian
  7781 | D:8      | HP: 4/80 [wyvern (1)]
  8226 | D:9      | Found a staircase to the Orcish Mines.
  8235 | D:9      | Reached skill level 10 in Staves
  8254 | D:9      | Reached skill level 10 in Shields
  8254 | D:9      | Reached XP level 11. HP: 38/87 MP: 11/11
  8561 | D:9      | Noticed a two-headed ogre
  8580 | D:9      | Killed a two-headed ogre
  8992 | Lair:1   | Entered Level 1 of the Lair of Beasts
  9110 | Lair:1   | Reached *** piety under Wu Jian
  9322 | Lair:1   | Reached skill level 11 in Shields
  9401 | Lair:1   | Noticed Harold
  9411 | Lair:1   | Killed Harold
  9875 | Lair:1   | Reached XP level 12. HP: 96/96 MP: 12/12
 10267 | Lair:2   | Noticed Gastronok
 10279 | Lair:2   | Killed Gastronok
 10333 | Lair:2   | Found a hole to the Spider Nest.
 10417 | Lair:2   | Noticed a five-headed hydra
 10420 | Lair:2   | Killed a five-headed hydra
 10421 | Lair:2   | Reached skill level 10 in Fighting
 10427 | Lair:2   | Reached skill level 10 in Armour
 10665 | Lair:2   | Identified 2 scrolls of acquirement
 10684 | Lair:2   | Acquired the +2 pair of gloves "Duef" {rElec Dex+3}
 10697 | Lair:2   | Upgraded the game from 0.31-a0-1223-gfd5aef93c1 to
                  | 0.31-a0-1236-gaa9e43cceb
 10697 | Lair:2   | Acquired the +5 Storm Queen's Shield {shock, Fly rElec}
 10697 | Lair:2   | Found the +5 Storm Queen's Shield {shock, Fly rElec}
 10781 | Lair:2   | Reached skill level 12 in Shields
 11080 | Lair:2   | Noticed a four-headed hydra
 11080 | Lair:2   | Noticed a five-headed hydra
 11086 | Lair:2   | Killed a four-headed hydra
 11089 | Lair:2   | Killed a five-headed hydra
 11092 | Lair:2   | Reached **** piety under Wu Jian
 11095 | Lair:2   | Found a staircase to the Swamp.
 11261 | Lair:2   | Reached XP level 13. HP: 90/104 MP: 13/13
 11864 | Lair:3   | Reached skill level 13 in Shields
 12411 | Lair:3   | Found a sparkling altar of Nemelex Xobeh.
 12426 | Lair:3   | Identified the +0 robe of Calculation {Dex+2}
 12840 | Lair:4   | Found a staircase to the Slime Pits.
 12851 | Lair:4   | Found a dark tunnel.
 12860 | Volcano  | Entered a volcano
 13186 | Lair:4   | Reached XP level 14. HP: 114/114 MP: 14/14
 13200 | Lair:4   | Reached skill level 14 in Shields
 13455 | Lair:4   | Reached skill level 15 in Staves
 13547 | Lair:4   | Found a radiant altar of Vehumet.
 14031 | Lair:5   | Entered Level 5 of the Lair of Beasts
 14056 | Lair:5   | Reached ***** piety under Wu Jian
 14060 | Lair:5   | Found a large runed translucent door.
 14061 | Lair:5   | Found a large runed translucent door.
 15607 | D:10     | Entered Level 10 of the Dungeon
 15634 | D:10     | Reached skill level 15 in Shields
 15647 | D:10     | Found a flagged portal.
 15662 | Bailey   | Entered a bailey
 15738 | Bailey   | Found an iron altar of Okawaru.
 15999 | D:10     | Reached skill level 1 in Dodging
 16230 | D:10     | Reached XP level 15. HP: 122/122 MP: 15/15
 16267 | D:10     | Identified the +10 dagger of the Oily God {heavy, *Corrode
                  | rN+ Int+2 Dex+2}
 16324 | D:10     | Noticed Nergalle
 16331 | D:10     | Killed Nergalle
 16726 | D:11     | Reached XP level 16. HP: 131/131 MP: 16/16
 17212 | D:12     | Reached skill level 16 in Shields
 17619 | D:12     | Got the Information on the Postmortem Icicle
 17712 | D:12     | Found a stormy altar of Qazlal.
 18217 | D:13     | Found Wiunuz's Assorted Antiques.
 18234 | D:13     | Noticed Frances
 18249 | D:13     | Killed Frances
 18250 | D:13     | Reached skill level 5 in Dodging
 18558 | D:13     | Found Puimef's Changing Room.
 18562 | D:13     | Noticed Erolcha
 18571 | D:13     | Killed Erolcha
 18601 | D:13     | Noticed Sonja
 18608 | D:13     | Killed Sonja
 19233 | D:14     | Found a gate to the Vaults.
 19376 | D:14     | Reached skill level 17 in Shields
 19709 | D:14     | Found Cuonuaz's Antique Weapon Emporium.
 19882 | D:14     | Reached ****** piety under Wu Jian
 19885 | D:14     | Reached XP level 17. HP: 125/140 MP: 17/17
 20317 | D:15     | Entered Level 15 of the Dungeon
 21087 | D:15     | Found a staircase to the Depths.
 21139 | D:15     | Identified the +2 robe of Ashenzari's Regard {Harm Int-4
                  | Dex+4}
 21160 | D:15     | Found a white marble altar of Elyvilon.
 21689 | Orc:1    | Entered Level 1 of the Orcish Mines
 21699 | Orc:1    | Reached skill level 15 in Armour
 21704 | Orc:1    | Reached skill level 15 in Fighting
 21967 | Orc:1    | Found Bammimeo's General Store.
 22031 | Orc:2    | Entered Level 2 of the Orcish Mines
 22036 | Orc:2    | Found Tacwunoa's General Store.
 22222 | Orc:2    | Bought the +3 pair of gauntlets of War {Slay+5} for 570
                  | gold pieces
 22222 | Orc:2    | Found the +3 pair of gauntlets of War {Slay+5}
 22316 | Orc:2    | Found a staircase to the Elven Halls.
 22453 | Orc:2    | Noticed Jorgrun
 22464 | Orc:2    | Killed Jorgrun
 22474 | Orc:2    | Reached skill level 18 in Shields
 22717 | Orc:2    | Found Feshrebi's Antique Armour Shop.
 22718 | Orc:2    | Found Puthir's Antique Weapon Boutique.
 22719 | Orc:2    | Found Jiodak's General Store.
 22719 | Orc:2    | Found Gofoitaru's Jewellery Shop.
 22738 | Orc:2    | Bought a glimmering scale mail for 288 gold pieces
 22738 | Orc:2    | Identified the +4 scale mail of the Elephant {rF+ Int-3
                  | Dex+3 Stlth+} (You bought it in a shop on level 2 of the
                  | Orcish Mines)
 22748 | Orc:2    | Bought the ring of the Prince {rF+ rN+ EV+5 Str+2 Dex+3}
                  | for 776 gold pieces
 22760 | Orc:2    | Bought a translucent glaive for 379 gold pieces
 22760 | Orc:2    | Identified the +8 glaive "Covaer" {antimagic, rPois Int+3}
                  | (You bought it in a shop on level 2 of the Orcish Mines)
 22925 | Elf:1    | Entered Level 1 of the Elven Halls
 23002 | Elf:1    | Noticed Donald
 23005 | Elf:1    | Killed Donald
 23475 | Elf:1    | Noticed an Executioner
 23751 | Elf:2    | Reached XP level 18. HP: 151/151 MP: 18/18
 23753 | Elf:2    | Noticed a deep elf blademaster
 23762 | Elf:2    | Killed a deep elf blademaster
 23850 | Elf:2    | Found Zynoxo Dicio's General Store.
 23856 | Elf:2    | Bought 2 potions of enlightenment for 200 gold pieces
 23856 | Elf:2    | Bought a potion of magic for 160 gold pieces
 23877 | Elf:2    | Reached skill level 19 in Shields
 23997 | Elf:2    | Found a runed translucent gate.
 23997 | Elf:2    | Found a runed translucent gate.
 24002 | Elf:2    | Found a runed translucent gate.
 24541 | Elf:2    | Noticed Zenata
 24552 | Elf:2    | You are sucked into a shaft and drop 1 floor!
 24552 | Elf:3    | Entered Level 3 of the Elven Halls
 24965 | Elf:2    | You are sucked into a shaft and drop 1 floor!
 25344 | Elf:2    | Mangled by Zenata

Illustrated notes

Levels and vault maps discovered:
D:1:      dpeg_arrival_pits, layout_loops_ring, serial_shops,
          nicolae_shop_window_shopping
D:2:      layout_basic, minmay_unequal
D:3:      layout_loops_cross, serial_shops, nicolae_shop_tiny_waterfront,
          uniq_grinder
D:4:      layout_layer_cave
D:5:      layout_loops_cross, minmay_temple_entry_junction, serial_shops,
          shop_fountains, lightli_sewer_entry_pipes
D:6:      layout_cave_pools, mainiacjoe_overflow_large_starburst,
          serial_column_ruins, column_ruins_open_small_water,
          column_ruins_open_medium, column_ruins_open_medium,
          column_ruins_columns_plus, column_ruins_grid_2, serial_shops,
          nicolae_shop_stone, grunt_ministairs_2
D:7:      layout_loops_ring, uniq_duvessa
D:8:      layout_rooms, mainiacjoe_overflow_alcove_4, lair_entry_dummy,
          uniq_grum
D:9:      layout_cave_pools, david_orc_3, serial_undead, serial_undead_c,
          serial_undead_a, serial_undead_a, serial_undead_a
D:10:     layout_roguey, enter_bailey_3, lightli_fourway_metalbox, uniq_nergalle
D:11:     layout_loops_corners
D:12:     cheibrodos_hippocracy, layout_basic, grunt_qazlal_clouds
D:13:     layout_long_grid, st_stairs_12, nicolae_stop_n_shop_1,
          corexii_checkpoint, nicolae_transmutations_shop,
          minmay_misc_feat_cross, uniq_sonja, uniq_frances, uniq_erolcha
D:14:     layout_layer_cave, erik_vaults_2, minivault_23, serial_shops, shop
D:15:     grunt_enter_depths_hoard, layout_loops_ring, elyvilon_altar_1,
          minmay_misc_feat_plants, worms_lemuel
Temple:   compressed_dpeg_triangle_lava_temple
Lair:1:   layout_layer_cave, minmay_stone_trees_small, minivault_23,
          lemuel_fruit_tree, uniq_harold
Lair:2:   layout_cave_pods, palyth_hydra_swamp_entry,
          nicolae_spider_entry_tight_spaces, st_stairs_10, uniq_gastronok
Lair:3:   layout_cave_pods, basic_altar, lemuel_old_faithful, grunt_megastairs_5
Lair:4:   layout_gridlike, slime_entry_1, basic_altar,
          nicolae_volcano_entry_two_sided, lemuel_fruit_fields,
          grunt_megastairs_3
Lair:5:   cheibrodos_lair_end_hotspot, layout_cave_pods
Orc:1:    layout_caves, basic_altar, serial_shops, shop
Orc:2:    st_orc_congregation, layout_caves, serial_shops, nicolae_diamond_shop,
          uniq_jorgrun
Elf:1:    layout_gridlike, minivault_28, uniq_donald
Elf:2:    elven_hall_of_blades_hangedman_original
          [nicolae_blade_entry_pointy_end], layout_loops_ring, serial_shops,
          shop, guppyfry_elf_castle, uniq_zenata
Elf:3:    grunt_elf_hall_branching, layout_geoelf_grid

Skill      XL: |  1  2  3  4  5  6  7  8  9 10 11 12 13 14 15 16 17 18 |
---------------+-------------------------------------------------------+-----
Staves         | 3 4 5 6 8 10 11 13 14 15 | 15.8
Fighting       | 4 5 6 7 8 9 10 11 12 13 14 15 16 | 16.7
Armour         | 4 5 6 7 8 9 10 11 12 13 14 15 16 | 16.7
Shields        | 5 6 7 8 10 11 12 13 15 17 18 19 | 19.6
Dodging        | 1 3 6 8 9 |  9.6

Action                     |  1- 3 |  4- 6 |  7- 9 | 10-12 | 13-15 | 16-18 || total
---------------------------+-------+-------+-------+-------+-------+-------++-------
  Melee: Quarterstaff      |    92 |   140 |   452 |   403 |   547 |   971 ||  2605
 Invoke: Serpent's Lash    |       |       |       |     3 |     7 |     7 ||    17
         Heavenly Storm    |       |       |       |       |       |     2 ||     2
Ability: Lunge             |       |       |     8 |    20 |    53 |   110 ||   191
         Whirlwind         |       |       |     7 |    90 |   144 |   246 ||   487
         Dig               |       |       |       |       |     1 |     1 ||     2
         Shaft Self        |       |       |       |       |       |     2 ||     2
    Use: Scroll            |       |       |       |    18 |     9 |       ||    27
         Potion            |       |       |       |     1 |     1 |     2 ||     4
 Armour: Scale mail        |    50 |   103 |   338 |       |       |       ||   491
         Chain mail        |       |       |     8 |   455 |   178 |   199 ||   840
         Plate armour      |       |       |       |       |       |   152 ||   152
  Dodge: Dodged            |    34 |    61 |   172 |   175 |    70 |   253 ||   765
  Block: Buckler           |    27 |    28 |   114 |   169 |       |       ||   338
         Kite shield       |       |       |       |    77 |   357 |   719 ||  1153

Table legend: (Time is in decaauts)
 A = Elapsed time spent in this place.
 B = Non-inter-level travel time spent in this place.
 C = Inter-level travel time spent in this place.
 D = Time resting spent in this place.
 E = Time spent auto-exploring this place.
 F = Levels seen in this place.
 G = Mean time per level.
                   A        B        C        D        E       F      G
               +--------+--------+--------+--------+--------+-----+--------+
         Total |  25440 |  24528 |    912 |   4168 |  14844 |  29 |  877.2 |
       Dungeon |  14672 |  14062 |    610 |   2503 |   8677 |  15 |  978.1 |
        Temple |     18 |     18 |      0 |      0 |      0 |   1 |   18.0 |
          Lair |   6342 |   6055 |    287 |    801 |   4180 |   5 | 1268.4 |
  Orcish Mines |   1228 |   1215 |     13 |     94 |    674 |   2 |  614.0 |
   Elven Halls |   2405 |   2404 |      1 |    770 |    948 |   3 |  801.7 |
         Sewer |    334 |    334 |      0 |      0 |    228 |   1 |  334.0 |
        Bailey |    188 |    188 |      0 |      0 |     55 |   1 |  188.0 |
       Volcano |    250 |    250 |      0 |      0 |     82 |   1 |  250.0 |
               +--------+--------+--------+--------+--------+-----+--------+

Top non-repeatable levels by time:
  Lair:2: 1596 daAuts
  Lair:5: 1460 daAuts
    D:14: 1413 daAuts
     D:5: 1329 daAuts
  Lair:1: 1318 daAuts
    D:15: 1240 daAuts
     D:4: 1218 daAuts
   Elf:2: 1126 daAuts
     D:3: 1111 daAuts
    D:12: 1097 daAuts
     D:8: 1097 daAuts
     D:9: 1063 daAuts
  Lair:3: 1003 daAuts
  Lair:4: 963 daAuts
   Orc:2: 862 daAuts
